 Dungeon Crawl Stone Soup version 0.16-a0-3154-g62f4276 (webtiles) character file.

218 Sokengo the Digger (level 5, -1/30 HPs)
             Began as a Gargoyle Earth Elementalist on Sept 17, 2015.
             Slain by a hippogriff (6 damage)
             ... on level 4 of the Dungeon.
             The game lasted 01:26:28 (5238 turns).

Sokengo the Digger (Gargoyle Earth Elementalist)    Turns: 5238, Time: 01:26:28

Health: -1/30      AC:  4    Str: 12    XL:     5   Next: 95%
Magic:  9/9        EV: 12    Int: 16    God:
Gold:   335        SH:  0    Dex: 15    Spells: 3 memorised, 3 levels left

rFire  . . .     SeeInvis .     l - +0 mace
rCold  . . .     Clarity  .     x - -2 robe (curse)
rNeg   + . .     SustAb   .     (no shield)
rPois  ∞         Gourm    .     (no helmet)
rElec  +         Spirit   .     (no cloak)
rCorr  .         Warding  .     (no gloves)
rMut   .         Stasis   .     (no boots)
MR     .....                    (no amulet)
Stlth  ++........               (no ring)
                                q - +5 ring of dexterity

@: not resistant to hostile enchantments, unstealthy
A: negative energy resistance 1, electricity resistance, unbreathing,
petrification resistance, rot immunity, AC +4
a: no special abilities


You were on level 4 of the Dungeon.
You were not hungry.

You visited 1 branch of the dungeon, and saw 4 of its levels.

You collected 335 gold pieces.

Inventory:

Hand weapons
 f - a +2 dagger of freezing
 h - a +0 spear
 j - a +1 dagger of flaming
 l - a +0 mace (weapon)
 o - a +3 vampiric short sword
 y - a +0 hand axe
Missiles
 b - 163 stones (quivered)
 s - 31 poisoned needles
 B - 5 tomahawks
Armour
 a - a +0 chain mail
 c - a +0 scale mail
 g - a +0 ring mail
 i - a +0 shield
 k - a +1 plate armour
 x - a cursed -2 robe (worn)
Jewellery
 q - a +5 ring of dexterity (left hand)
Magical devices
 t - a wand of digging (5)
Scrolls
 e - 2 scrolls of identify
 u - a scroll of magic mapping
 v - 3 scrolls of noise
Potions
 z - a potion of cure mutation
Books
 d - a book of Geomancy

   Spells                             Type                      Level
   a - Sandblast                      Earth                        1
   b - Stoneskin                      Transmutation/Earth          2
   c - Passwall                       Transmutation/Earth          3
   d - Stone Arrow                    Conjuration/Earth            3
   e - Petrify                        Transmutation/Earth          4
   f - Lee's Rapid Deconstruction     Earth                        5
Comestibles
 n - 2 beef jerkies
 p - a bread ration
 r - a chunk of flesh
 w - 3 meat rations


   Skills:
 + Level 2.1 Fighting
 - Level 0.5(1.0) Axes
 + Level 1.4(1.5) Maces & Flails
 - Level 0.2 Throwing
 + Level 2.6 Armour
 + Level 1.7 Dodging
 + Level 3.0 Stealth
 + Level 2.6 Spellcasting
 - Level 0.7 Transmutations
 + Level 4.7 Earth Magic


You had 3 spell levels left.
You knew the following spells:

 Your Spells              Type           Power        Failure   Level  Hunger
a - Sandblast             Erth           ###...       3%          1    #......
b - Stoneskin             Trmt/Erth      ##......     12%         2    ##.....
c - Stone Arrow           Conj/Erth      #.....       21%         3    ###....


Dungeon Overview and Level Annotations

Branches:
Dungeon (4/15)
 Temple: D:4-7

Altars:
Ashenzari
Fedhas


Innate Abilities, Weirdness & Mutations

You are resistant to torment.
You are immune to poison.
Your stone body is very resilient (AC +4).
You resist negative energy.
You are resistant to electric shocks.
You can survive without breathing.
You are immune to petrification.
You are immune to rotting.


Message History

* * * LOW HITPOINT WARNING * * *
The hippogriff barely misses you.
You feel better. The hippogriff closely misses you.
The hippogriff barely misses you.
The hippogriff claws you but does no damage.
Zapping:
t - a wand of digging (will waste charges)
Press: ? - help, Shift-Dir - straight line The rock shatters into small pieces.
Evoking this partially-identified wand wasted a few charges.
The hippogriff bites you but does no damage.
The hippogriff closely misses you. The hippogriff completely misses you.
The phantom blinks!
The hippogriff barely misses you. The hippogriff closely misses you.
The hippogriff claws you.
* * * LOW HITPOINT WARNING * * *
There is a stone staircase leading up here.
The hippogriff bites you.
* * * LOW HITPOINT WARNING * * *
The hippogriff pecks you but does no damage.
The hippogriff claws you.
You die...

.................#...###
.###############.......#
..........§# #.......#
........##.#####.......#
.#.......#.............#
.#.......#.#####.......#
.#######.#.# #...[...#
...# #.#.# #H#+#####
##.# #.#.# #@#
#.#####.#(# ###
#.......#.. ###########


You could see a hippogriff.

Vanquished Creatures
  A worker ant (D:4)
  Jessica (D:3)
  9 adders
  3 worms (D:2)
  3 giant geckos
  3 oozes
  An orc (D:3)
  A ball python (D:2)
  6 hobgoblins
  6 jackals
  13 kobolds
  6 bats
  A giant cockroach (D:2)
  A giant gecko skeleton (D:4)
  11 goblins
  A quokka (D:3)
  12 rats
79 creatures vanquished.

Notes
Turn   | Place    | Note
--------------------------------------------------------------
     0 | D:1      | Sokengo, the Gargoyle Earth Elementalist, began the quest for the Orb.
     0 | D:1      | Reached XP level 1. HP: 10/10 MP: 3/3
   857 | D:1      | Reached XP level 2. HP: 15/15 MP: 4/4
  1039 | D:1      | Reached skill level 4 in Earth Magic
  1400 | D:1      | Reached XP level 3. HP: 12/20 MP: 1/6
  1997 | D:2      | Reached skill level 1 in Fighting
  1997 | D:2      | Reached skill level 1 in Armour
  2412 | D:2      | Learned a level 2 spell: Stoneskin
  2473 | D:2      | Reached XP level 4. HP: 22/25 MP: 8/8
  3497 | D:2      | Reached skill level 1 in Maces & Flails
  3964 | D:3      | Reached XP level 5. HP: 22/29 MP: 9/9
  4026 | D:3      | Noticed Jessica
  4031 | D:3      | Killed Jessica
  4074 | D:3      | Learned a level 3 spell: Stone Arrow
  4401 | D:3      | Found a blossoming altar of Fedhas.
  4572 | D:3      | Found a shattered altar of Ashenzari.
  5174 | D:4      | Noticed a hippogriff
  5196 | D:4      | Noticed a phantom
  5238 | D:4      | Slain by a hippogriff

Action                   |  1- 3 |  4- 6 || total
-------------------------+-------+-------++-------
Melee: Club              |    57 |       ||    57
       Unarmed           |     5 |       ||     5
       Spear             |    87 |     3 ||    90
       Mace              |       |   202 ||   202
       Hand axe          |       |    44 ||    44
 Fire: Hunting sling     |     2 |       ||     2
Throw: Stone             |     9 |     2 ||    11
 Cast: Sandblast         |    25 |     8 ||    33
       Stone Arrow       |       |     6 ||     6
       Stoneskin         |       |     1 ||     1
Evoke: Wand              |       |     1 ||     1
  Use: Scroll            |     2 |     7 ||     9
       Potion            |     1 |     4 ||     5
 Stab: Sleeping          |       |     1 ||     1
  Eat: Chunk             |     1 |     1 ||     2
       Bread ration      |     1 |       ||     1
       Meat ration       |       |     2 ||     2
